 Dungeon Crawl Stone Soup version 0.19-a0-1704-gbd66c22 (webtiles) character file.

8 Amnesiac the Digger (level 2, 0/19 HPs)
             Began as a Formicid Earth Elementalist on Sept 27, 2016.
             Succumbed to an adder's poison
             ... on level 3 of the Dungeon.
             The game lasted 00:02:43 (375 turns).

Amnesiac the Digger (Formicid Earth Elementalist)    Turns: 375, Time: 00:02:43

Health: 0/19       AC:  4    Str: 17    XL:     2   Next: 15%
Magic:  1/5        EV: 12    Int: 14    God:
Gold:   7          SH:  0    Dex: 11    Spells: 2 memorised, 3 levels left

rFire  . . .     SeeInvis +     g - -3 dagger (curse)
rCold  . . .     Gourm    .     c - +0 robe
rNeg   . . .     Faith    .     (no shield)
rPois  .         Spirit   .     (helmet unavailable)
rElec  .         Dismiss  .     (no cloak)
rCorr  .         Reflect  .     f - +0 pair of gloves
MR     .....     Harm     .     (no boots)
Stlth  ++........               (no amulet)
                                (no ring)
                                k - ring of wizardry

@: mighty, lethally poisoned (0 -> -10)
A: permanent stasis, dig shafts and tunnels, four strong arms, antennae 3
a: Dig, Shaft Self


You were on level 3 of the Dungeon.
You were not hungry.

You visited 1 branch of the dungeon, and saw 4 of its levels.

You collected 7 gold pieces.

Inventory:

Hand Weapons
 g - a cursed -3 dagger (weapon)
Missiles
 b - 22 stones (quivered)
Armour
 c - a +0 robe (worn)
 f - a +0 pair of gloves (worn)
Jewellery
 k - a ring of wizardry (left hand)
Potions
 i - a potion of brilliance {unknown}
Books
 e - a book of Geomancy

   Spells                             Type                      Level
   a - Sandblast                      Earth                        1
   b - Passwall                       Transmutation/Earth          2
   c - Stone Arrow                    Conjuration/Earth            3
   d - Petrify                        Transmutation/Earth          4
   e - Lee's Rapid Deconstruction     Earth                        5
Comestibles
 d - a bread ration
 h - a beef jerky
 j - a chunk of flesh


   Skills:
 - Level 1.7 Dodging
 - Level 2.4 Stealth
 - Level 2.5 Spellcasting
 - Level 1.1 Transmutations
 + Level 3.9 Earth Magic


You had 3 spell levels left.
You knew the following spells:

 Your Spells              Type           Power        Failure   Level  Hunger
f - Sandblast             Erth           ##....       1%          1    #......
v - Passwall              Tmut/Erth      #.........   6%          2    ###....


Dungeon Overview and Level Annotations

Branches:
Dungeon (4/15)
 Temple: D:4-7

Altars:

Annotations:
D:3 exclusion: door
D:4 exclusions: 3 sensed monsters (detected) and worker ant, Dowan, Duvessa


Innate Abilities, Weirdness & Mutations

You are under a permanent stasis effect.
You can dig through walls and to a lower floor.
Your four strong arms can wield two-handed weapons with a shield.
You have a pair of large antennae on your head. (SInv)


Message History

* * * LOW HITPOINT WARNING * * *
You barely miss the adder.
The adder is moderately wounded.
* * * LOW HITPOINT WARNING * * *
You feel sick. The adder misses you.
Casting: Sandblast
Confirm with . or Enter, or press ? or * to list all spells.
Aiming: Sandblast
Press: ? - help, Shift-Dir - straight line, f/p - adder
Aim: an adder (moderately wounded)
The blast of sand hits the adder.
The adder is almost dead.
The adder bites you.
* * * LOW HITPOINT WARNING * * *
You are more poisoned.
The adder poisons you! The adder barely misses you.
Unknown command.
You miss the adder.
The adder is almost dead.
You die...

{ #..##.#.# {{
#..##.#.######
#............#
{{
#.####.......#
#....+.......#
######.......#
#.......#
#S......#
#@......#
#.......#
.........
....###...
.....# ...
......# ..
...?...#
#.(.....#


You could see an adder.

Vanquished Creatures
  A dart slug (D:1)
  An orc (D:3)
  A giant cockroach (D:3)
  A hobgoblin (D:1)
  A kobold (D:3)
5 creatures vanquished.

Notes
Turn   | Place    | Note
-------+----------+-------------------------------------------
     0 | D:1      | Amnesiac the Formicid Earth Elementalist began the quest for the Orb.
     0 | D:1      | Reached XP level 1. HP: 13/13 MP: 3/3
   203 | D:4      | Noticed a worker ant
   211 | D:4      | Noticed an iguana
   214 | D:4      | Noticed Duvessa
   214 | D:4      | Noticed Dowan
   289 | D:3      | Reached XP level 2. HP: 13/19 MP: 3/5
   296 | D:3      | Learned a level 2 spell: Passwall
   375 | D:3      | Succumbed to an adder's poison

Vault maps used:
D:1:      minmay_arrival_semitransparent
D:2:      fedhas_altar_1, overflow_temple_1_default, lemuel_round_altar
D:3:      minmay_roachtagon, uniq_natasha
D:4:      kennysheep_goblin_castle, kennysheep_mini_moat, old_standard_altar,
          gammafunk_temple_overflow_elements, grunt_gozag_statues,
          gup_sewer_entry_bowl, uniq_grinder, uniq_duvessa, uniq_blork_the_orc

Action                   || total
-------------------------++-------
Melee: Dagger            ||     3
 Cast: Sandblast         ||    14
  Use: Potion            ||     1
Armor: Robe              ||     4
Dodge: Dodged            ||    13
